Map: Automaton LE

Players

iGCoffeeMs (Coffee) - Winner!

  • Race: Terran Terran
  • League: Grandmaster
  • Spawn Location: 9:00

LiquidTLO (TLO)

  • Race: Zerg Zerg
  • League: Master
  • Spawn Location: 3:00

Event: 2019 WCS Winter Americas

VOD

Have the link to the VOD?

Description

Time

  • Played on: Feb. 9, 2019, 2:45 p.m.
  • Length: 11:31

All games in this series

Show
View Real Time Build Order
Export as new Build Order

iGCoffeeMs Terran - Winner!

Build Orders: Reaper Expand 

Get SALT Encoding   

  12  0:00  SCV  
  13  0:13  SCV  
  14  0:17  Supply Depot  
  14  0:25  SCV  
  15  0:39  SCV  
  15  0:40  Barracks  
  16  0:44  Refinery  
  16  0:51  SCV  
  17  1:03  SCV  
  18  1:15  SCV  
  19  1:27  Reaper  
  19  1:28  Orbital Command  
  20  1:43  Command Center  
  20  1:53  SCV  
  21  1:55  Supply Depot  
  21  1:59  Marine  
  22  2:07  Factory  
  22  2:09  SCV  
  22  2:15  Refinery  
  23  2:21  SCV, Barracks Reactor  
  24  2:33  SCV  
  24  2:46  SCV  
  25  2:52  Starport  
  25  2:56  Orbital Command  
  25  2:58  SCV  
  26  3:01  Hellion  
  26  3:02  Hellion  
  26  3:04  Barracks Tech Lab  
  30  3:10  SCV  
  31  3:13  Supply Depot  
  31  3:22  SCV x2  
  31  3:25  Hellion x2  
  37  3:32  Viking  
  39  3:34  SCV  
  39  3:36  SCV  
  39  3:40  Stimpack  
  41  3:41  Marine  
  42  3:52  SCV  
  42  3:55  Factory Tech Lab  
  43  3:56  SCV  
  43  4:02  Starport Reactor  
  44  4:05  Barracks  
  44  4:06  Barracks  
  44  4:11  SCV x2  
  44  4:12  Marine  
  44  4:14  Siege Tank  
  50  4:20  Supply Depot  
  50  4:24  SCV x2  
  50  4:30  Marine  
  52  4:36  SCV  
  52  4:39  Refinery  
  52  4:40  Engineering Bay  
  52  4:44  SCV  
  53  4:48  Marine  
  53  4:50  SCV, Siege Tank  
  58  4:53  Supply Depot  
  58  4:54  Marine x2  
  58  4:55  Starport Reactor  
  60  5:00  Marine x2  
  60  5:01  Supply Depot  
  62  5:08  Terran Infantry Weapons Level 1  
  62  5:14  Supply Depot  
  62  5:15  SCV x2, Marine x3  
  62  5:17  Marine  
  68  5:27  SCV x2  
  70  5:30  Marine  
  70  5:31  Medivac  
  70  5:32  Medivac  
  70  5:33  Marine x3  
  78  5:36  Marine  
  78  5:40  Supply Depot  
  78  5:41  Combat Shield  
  79  5:43  SCV  
  79  5:49  Marine  
  81  5:50  Marine x2  
  81  5:51  Siege Tank  
  81  5:54  Supply Depot  
  86  6:02  SCV, Marine  
  88  6:06  Marine  
  88  6:07  Marine  
  88  6:08  Marine x2  
  88  6:10  Supply Depot  
  92  6:12  SCV  
  92  6:14  SCV  
  94  6:19  Marine  
  94  6:23  Marine  
  94  6:25  Marine  
  97  6:26  Marine x2  
  97  6:35  Siege Tank  
  97  6:36  Medivac x2  
  97  6:37  Marine  
  105  6:41  Marine  
  105  6:42  Marine  
  105  6:44  Marine  
  105  6:46  Marine  
  94  6:55  Marine  
  94  6:57  SCV x2  
  94  6:59  Marine  
  94  7:00  Marine  
  98  7:02  Marine  
  98  7:04  Marine  
  98  7:10  SCV x2  
  98  7:12  Terran Infantry Armor Level 1, Command Center  
  98  7:13  Marine  
  102  7:17  Marine  
  102  7:18  Marine  
  102  7:19  Marine  
  102  7:21  Concussive Shells  
  103  7:23  Marauder  
  103  7:27  Medivac x2, Factory Tech Lab  
  108  7:31  Marine  
  108  7:33  Supply Depot  
  108  7:34  Supply Depot  
  108  7:35  Marine  
  110  7:39  Refinery  
  110  7:49  Supply Depot x2  
  110  7:55  SCV, Barracks x2, Marauder, Marine x2  
  115  8:04  Marine  
  113  8:05  Marine  
  103  8:12  Marine  
  103  8:17  SCV  
  103  8:18  SCV  
  103  8:25  Marine  
  103  8:26  Marine x3  
  106  8:30  SCV x2, Marine  
  104  8:43  Marine  
  104  8:44  Siege Tank, Marine x3  
  104  8:46  Barracks Reactor x2  
  104  8:48  Marine  
  112  8:57  Medivac x2  
  112  9:01  Marine x4  
  120  9:06  Marine  
  116  9:15  Liberator x2  
  110  9:19  Marine x4  
  110  9:23  Siege Tank  
  110  9:24  Marine x2  
  100  9:25  Marine x3  
  105  9:37  Marine x3  
  105  9:38  Marauder  
  116  9:42  Marine x2  
  102  9:47  Marine  
  102  9:48  Marine x2  
  105  9:55  Marine x3  
  105  9:58  Marine  
  105  9:59  Marine  
  109  10:00  Marine  
  109  10:02  Siege Tank  
  109  10:05  Marine x2  
  109  10:06  Marine  
  117  10:15  Medivac x2  
  121  10:21  Marine x3  
  121  10:24  Marine x3  
  127  10:33  Marine x3  
  127  10:34  Siege Tank  
  133  10:39  Marine  
  127  10:42  Marine  
  127  10:43  Marine  
  127  10:44  Marine x3  
  129  10:51  Marine x3  
  125  10:57  Marine  
  125  11:00  Marine  
  125  11:01  Marine x3  
  128  11:09  Marine x3  
  128  11:10  Marauder  
Show
View Real Time Build Order
Export as new Build Order

LiquidTLO Zerg 

Build Orders: Hatch First 

Get SALT Encoding   

  12  0:01  Drone  
  13  0:12  Overlord  
  13  0:18  Drone  
  14  0:31  Drone x2  
  16  0:50  Hatchery  
  16  0:52  Drone  
  16  0:56  Drone  
  17  0:59  Drone  
  18  1:08  Extractor  
  17  1:15  Spawning Pool  
  17  1:18  Drone  
  17  1:21  Drone  
  18  1:28  Drone  
  19  1:39  Drone  
  20  1:49  Overlord  
  20  2:01  Queen  
  20  2:02  Queen  
  20  2:05  Drone x2  
  26  2:09  Metabolic Boost  
  26  2:12  Drone  
  27  2:17  Drone  
  27  2:21  Drone  
  29  2:35  Extractor  
  28  2:39  Spore Crawler  
  29  2:44  Hatchery  
  29  2:50  Drone  
  29  2:51  Overlord  
  29  2:52  Drone x2  
  29  2:54  Drone  
  29  2:56  Drone  
  33  3:05  Drone x2  
  35  3:11  Zergling x10  
  40  3:16  Queen  
  42  3:22  Overlord  
  42  3:25  Drone x2  
  44  3:32  Overlord  
  44  3:36  Drone, Baneling Nest  
  44  3:42  Zergling x4  
  44  3:43  Drone  
  44  3:44  Drone  
  44  3:45  Drone  
  49  3:49  Overlord  
  49  3:54  Drone  
  49  3:59  Zergling x2  
  49  4:02  Drone  
  51  4:03  Queen  
  51  4:04  Overlord  
  51  4:07  Drone  
  54  4:11  Drone  
  54  4:12  Queen  
  54  4:15  Zergling x2  
  58  4:19  Drone x2  
  58  4:22  Drone  
  61  4:25  Zergling x2  
  61  4:26  Baneling x3  
  61  4:30  Drone x2  
  64  4:31  Drone  
  64  4:33  Drone  
  64  4:34  Drone  
  64  4:35  Drone  
  64  4:37  Drone  
  67  4:42  Drone  
  67  4:45  Lair  
  67  4:47  Drone  
  67  4:48  Extractor, Drone  
  67  4:50  Drone  
  69  4:57  Drone  
  70  5:01  Drone  
  70  5:03  Overlord  
  70  5:04  Evolution Chamber, Extractor  
  70  5:07  Drone  
  70  5:08  Overlord  
  70  5:10  Hatchery  
  70  5:11  Drone  
  70  5:13  Drone  
  70  5:14  Zergling x2, Drone  
  72  5:16  Evolution Chamber  
  72  5:23  Drone x2  
  72  5:24  Evolution Chamber  
  72  5:26  Overlord x2  
  72  5:27  Overlord  
  73  5:29  Zergling x2  
  73  5:30  Zergling x2  
  73  5:31  Zergling x2  
  75  5:39  Overlord  
  76  5:42  Zergling x2  
  76  5:43  Zergling x2  
  76  5:44  Zergling x2  
  76  5:45  Centrifical Hooks  
  76  5:48  Zergling x2  
  76  5:49  Zergling x4  
  82  5:50  Extractor  
  82  5:52  Zerg Ground Armor Level 1  
  82  5:53  Drone  
  82  5:54  Zergling x10  
  82  5:55  Extractor  
  82  5:57  Zergling x2  
  87  6:01  Zerg Melee Weapons Level 1  
  87  6:03  Drone  
  88  6:05  Drone  
  88  6:06  Zergling x2  
  88  6:08  Drone x2  
  88  6:09  Zergling x4  
  93  6:15  Zergling x6  
  93  6:16  Zergling x2  
  93  6:17  Baneling  
  93  6:18  Zergling x4  
  99  6:20  Zergling x2  
  99  6:21  Zergling x2  
  99  6:22  Baneling  
  99  6:23  Baneling x7  
  99  6:25  Zergling x2  
  101  6:27  Zergling x2  
  101  6:31  Zergling x4  
  104  6:39  Zergling x4  
  103  6:40  Zergling x2  
  103  6:42  Zergling x2  
  103  6:46  Zergling x4  
  85  6:48  Zergling x6  
  85  6:50  Zergling x2  
  85  6:51  Baneling x4, Zergling x2  
  85  6:52  Zergling x2  
  88  6:55  Zergling x2  
  88  6:57  Zergling x2  
  88  7:00  Zergling x2  
  88  7:01  Zergling x6  
  80  7:02  Zergling x2  
  80  7:03  Zergling x2  
  80  7:05  Zergling x4  
  65  7:09  Zergling x2  
  65  7:12  Zergling x2  
  65  7:13  Zergling x2  
  65  7:15  Zergling x2  
  68  7:17  Baneling x2  
  68  7:18  Zergling x2  
  68  7:20  Zergling x2  
  71  7:22  Zergling x2  
  71  7:24  Baneling x2  
  71  7:26  Zergling x2  
  71  7:28  Zergling x2  
  71  7:29  Zergling x2  
  74  7:31  Zergling x4  
  74  7:34  Zergling x2  
  74  7:36  Zergling x2  
  74  7:37  Baneling x3  
  76  7:42  Baneling  
  76  7:43  Zergling x8  
  78  7:46  Baneling  
  78  7:47  Zergling x4  
  78  7:50  Zergling x4  
  82  7:52  Zergling x2  
  82  7:54  Baneling x2  
  82  7:56  Zergling x2  
  82  7:57  Zergling x2  
  85  8:00  Zergling x4  
  85  8:03  Zergling x2  
  83  8:07  Zergling x6  
  83  8:08  Baneling  
  83  8:09  Baneling x3  
  83  8:11  Zergling x2  
  86  8:16  Zergling x6  
  86  8:17  Zergling x2  
  89  8:20  Zergling x2  
  89  8:21  Zergling x4  
  89  8:23  Zergling x2  
  89  8:25  Zergling x2  
  91  8:30  Zergling x2  
  91  8:32  Queen, Zergling x2  
  91  8:33  Zergling x2  
  92  8:39  Zerg Ground Armor Level 2  
  92  8:41  Zergling x2  
  90  8:43  Zergling x2  
  90  8:46  Zergling x2  
  90  8:48  Zerg Melee Weapons Level 2  
  92  8:51  Zergling x2  
  92  8:53  Zergling x2  
  92  8:54  Zergling x2  
  96  8:55  Zergling x2  
  96  8:56  Zergling x2  
  96  8:59  Zergling x2  
  98  9:02  Zergling x2  
  98  9:04  Zergling x2  
  98  9:06  Zergling x2  
  98  9:08  Zergling x2  
  81  9:19  Zergling x2  
  81  9:20  Drone x2  
  81  9:21  Queen x2  
  81  9:22  Zergling x2  
  79  9:25  Zergling x2  
  79  9:26  Drone  
  79  9:27  Drone  
  79  9:30  Drone  
  83  9:33  Hydralisk Den, Zergling x2  
  83  9:35  Burrow  
  83  9:36  Drone  
  83  9:37  Drone  
  85  9:39  Baneling x2  
  85  9:44  Zergling x2  
  80  9:47  Drone x2  
  80  9:48  Zergling x2  
  83  9:58  Baneling x2, Queen x2  
  87  10:02  Drone  
  87  10:05  Grooved Spines  
  87  10:09  Hydralisk  
  87  10:10  Hydralisk  
  87  10:13  Hydralisk  
  93  10:16  Hydralisk  
  93  10:19  Hydralisk  
  97  10:25  Zergling x2  
  97  10:26  Hydralisk  
  97  10:28  Hydralisk  
  98  10:34  Hydralisk  
  98  10:39  Zergling x2  
  98  10:40  Zergling x2  
  98  10:42  Zergling x4  
  89  10:43  Zergling x2  
  89  10:44  Zergling x2  
  89  10:45  Hydralisk, Zergling x2  
  89  10:47  Hydralisk  
  80  10:52  Drone  
  80  10:53  Zergling x2  
  80  10:55  Zergling x2  
  77  10:58  Hydralisk  
  77  11:01  Hydralisk  
  77  11:05  Hydralisk  
Tags
 
Add a new tag
Caveats
  • Supply blocks, unpowered buildings, or Contaminate may cause inaccurate times.
  • Supply counts are checked every 10 seconds.